 Dungeon Crawl Stone Soup version 0.23.2 (webtiles) character file.

Game seed: 4210134114048014098

369 Borgoz the Cutter (level 6, -2/37 HPs)
             Began as a Gargoyle Gladiator on Apr 9, 2019.
             Slain by Grinder (6 damage)
             ... while paralysed by Grinder
             ... on level 4 of the Dungeon.
             The game lasted 00:04:58 (3355 turns).

Borgoz the Cutter (Gargoyle Gladiator)              Turns: 3355, Time: 00:04:59

Health: -2/37      AC:  9    Str: 17    XL:     6   Next: 70%
Magic:  6/6        EV:  2    Int:  9    God:
Gold:   120        SH:  0    Dex: 13    Spells: 5/5 levels left

rFire    . . .     SeeInvis .   a - +1 rapier
rCold    . . .     Gourm    .   (no shield)
rNeg     + . .     Faith    .   l - +0 leather armour
rPois    ∞         Spirit   .   c - +0 helmet
rElec    +         Reflect  .   j - +0 cloak
rCorr    .         Harm     .   (no gloves)
MR       .....                  (no boots)
Stlth    ++........             (no amulet)
HPRegen  0.12/turn              (no ring)
MPRegen  0.10/turn              (no ring)

@: paralysed
A: negative energy resistance 1, electricity resistance, unbreathing,
petrification resistance, rot immunity, AC +4
a: no special abilities


You were on level 4 of the Dungeon.
You were not hungry.

You visited 1 branch of the dungeon, and saw 4 of its levels.

You collected 120 gold pieces.

Inventory:

Hand Weapons
 a - a +1 rapier (weapon)
 b - a +2 dagger of holy wrath
Missiles
 d - a throwing net (quivered)
Armour
 c - a +0 helmet (worn)
 j - a +0 cloak (worn)
 l - a +0 leather armour (worn)
Jewellery
 g - an uncursed ring of ice {unknown}
Wands
 k - a wand of polymorph (7)
 r - a wand of flame (10)
Scrolls
 i - a scroll of amnesia {unknown}
 o - 3 scrolls of teleportation {unknown}
 p - a scroll of fear {unknown}
Potions
 e - 2 potions of resistance
 h - a potion of curing
 n - a potion of flight
Comestibles
 f - 6 rations


   Skills:
 + Level 3.4 Fighting
 * Level 4.2 Short Blades
 - Level 1.7 Throwing
 + Level 2.3 Armour
 * Level 3.7 Dodging
 + Level 2.6 Stealth


You had 5 spell levels left.
You didn't know any spells.
Your spell library contained the following spells:

 Spells                   Type           Power        Failure   Level  Hunger
 Animate Skeleton         Necr           N/A          43%         1    ##.....
 Magic Dart               Conj           #...         43%         1    ##.....
 Pain                     Necr           #...         43%         1    ##.....
 Blink                    Tloc           N/A          58%         2    ###....
 Call Imp                 Summ           #.......     58%         2    ###....
 Slow                     Hex            #.......     58%         2    ###....
 Conjure Flame            Conj/Fire      #.......     82%         3    ####...
 Mephitic Cloud           Conj/Pois/Air  #.......     82%         3    ####...
 Regeneration             Chrm/Necr      #.........   82%         3    ####...
 Vampiric Draining        Necr           #.........   82%         3    ####...
 Animate Dead             Necr           N/A          99%         4    #####..


Dungeon Overview and Level Annotations

Branches:
Dungeon (4/15)
 Temple: D:4-7

Altars:
Dithmenos
Nemelex Xobeh
Trog
Xom
Zin

Annotations:
D:4 Grinder


Innate Abilities, Weirdness & Mutations

You are resistant to torment.
Your stone body is resilient. (AC +4)
You are immune to poison.
You resist negative energy. (rN+)
You are resistant to electric shocks. (rElec)
You can survive without breathing.
You are immune to petrification.
You are immune to rotting.


Message History

Press: ? - help, Shift-Dir - straight line, f/p - Grinder
Aim: Grinder (almost dead)
You throw a throwing net. The throwing net barely misses Grinder.
The throwing net hits the phantom.
The net passes right through the phantom!
The phantom is moderately damaged.
Grinder hits you but does no damage.
You hit Grinder.
Grinder is almost dead.
Grinder closely misses you.
You closely miss Grinder.
Grinder is almost dead.
Grinder gestures at you.
You suddenly lose the ability to move!
The phantom blinks!
Grinder hits you but does no damage. Grinder gestures at you.
Pain shoots through your body!
* * * LOW HITPOINT WARNING * * *
Grinder hits you.
You die...

.............##.....#
........#..........#
.......#(.........#
#...##.....(.....#
#..#......(.....#
.####........[.##....
.............#§# #.##
#........##.##5# .#
################@# .
..............##<#
.#...#...#...#...#
...............###
.#...#...#.(.###
..............#
###############


You could see Grinder.

Vanquished Creatures
  A scorpion (D:3)
  An orc priest (D:3)
  3 orc wizards
  4 gnolls
  4 adders
  2 oozes
  2 worms (D:2)
  4 dart slugs
  4 leopard geckos
  11 orcs
  A ball python (D:2)
  4 giant cockroaches
  9 goblins
  6 hobgoblins
  8 jackals
  11 kobolds
  2 quokkas (D:3)
  7 bats
  6 frilled lizards
  13 rats
103 creatures vanquished.

Notes
Turn   | Place    | Note
-------+----------+-------------------------------------------
     0 | D:1      | Borgoz the Gargoyle Gladiator began the quest for the Orb.
     0 | D:1      | Reached XP level 1. HP: 12/12 MP: 1/1
   100 | D:1      | Reached XP level 2. HP: 17/18 MP: 2/2
   247 | D:1      | Reached skill level 3 in Short Blades
   247 | D:1      | Reached XP level 3. HP: 11/22 MP: 3/3
   455 | D:1      | Reached skill level 1 in Stealth
   696 | D:1      | Reached skill level 1 in Armour
  1157 | D:2      | Found a shadowy altar of Dithmenos.
  1164 | D:2      | Reached XP level 4. HP: 27/27 MP: 4/4
  1851 | D:3      | Reached XP level 5. HP: 28/31 MP: 5/5
  2109 | D:3      | Found a bloodstained altar of Trog.
  2130 | D:3      | Reached skill level 4 in Short Blades
  2130 | D:3      | Reached XP level 6. HP: 17/37 MP: 6/6
  2474 | D:3      | Found a glowing silver altar of Zin.
  2474 | D:3      | Found a shimmering altar of Xom.
  2474 | D:3      | Noticed an angel
  2778 | D:4      | Found a sparkling altar of Nemelex Xobeh.
  2808 | D:4      | Noticed a phantom
  2811 | D:4      | Noticed Grinder
  3134 | D:4      | Paralysed by Grinder for 2 turns
  3333 | D:4      | Paralysed by Grinder for 6 turns
  3352 | D:4      | Paralysed by Grinder for 5 turns
  3355 | D:4      | Slain by Grinder

Skill      XL: |  1  2  3  4  5 |
---------------+----------------+-----
Short Blades   | 3 4 |  4.2
Stealth        | 1 2 |  2.6
Armour         | 1 2 |  2.3
Dodging        | 3 |  3.7
Fighting       | 3 |  3.4
Throwing       | |  1.7

Action                   |  1- 3 |  4- 6 || total
-------------------------+-------+-------++-------
Melee: Rapier            |   149 |   215 ||   364
Throw: Throwing net      |       |     2 ||     2
  Use: Scroll            |       |     5 ||     5
       Potion            |       |     4 ||     4
 Stab: Sleeping          |     2 |     3 ||     5
  Eat: Chunk             |     1 |     7 ||     8
Armor: Leather armour    |    65 |    91 ||   156
Dodge: Dodged            |   107 |   138 ||   245
